sniper/counter sniper

Match 29045586
End
Kettenkrad Recon Vehicle
Construct Infanterie Kompanie
Grenadier Squad
Grenadier Squad
Selects Breakthrough Battlegroup
Selects Assault Grenadiers
Grenadier Squad
Infanterie Officer Quarters
Grenadier Squad
Sniper
Construct Panzergrenadier Kompanie
Selects Breakthrough
Breakthrough
Pak 40 Anti-tank Gun Team
Pak 40 Anti-tank Gun Team
Construct Panzer Kompanie
Selects Rapid Production
Sturmpanzer IV Brummbär
Panzer Officer Quarters
Support Elements
Nebelwerfer 42 Rocket Launcher Team
Pioneer Squad
Selects Blitzkrieg
Breakthrough
Panzer IV Medium Tank
Medical Station
Side Skirts
Pak 40 Anti-tank Gun Team
Selects Tiger Heavy Tank
Breakthrough
Selects Incendiary Bombing Run
Tiger Heavy Tank
Blitzkrieg
Breakthrough
Panzer IV Medium Tank
Panzer IV Medium Tank
Kettenkrad Recon Vehicle
Panzer IV Medium Tank
Incendiary Bombing Run
Blitzkrieg
Panzer IV Medium Tank
lattouf
nub
0
0

Comments sign in to comment!

No comments posted yet!